 Dungeon Crawl Stone Soup version 0.31.0-11-ge490571c62 (webtiles) character file.

Game seed: 12699553572347515663

9657 cdecastro the Arsonist (level 11, -5/56 HPs)
             Began as a Deep Elf Fire Elementalist on Jan 27, 2024.
             Was a Priest of Hepliaklqana.
             Slain by a polar bear (17 damage)
             ... on level 11 of the Dungeon.
             The game lasted 00:26:41 (12094 turns).

cdecastro the Arsonist (DEFE)                      Turns: 12094, Time: 00:26:42

Health: -5/56      AC: 10    Str:  7    XL:     11   Next: 25%
Magic:  24/35      EV: 17    Int: 23    God:    Hepliaklqana [***...]
Gold:   294        SH:  0    Dex: 15    Spells: 12/29 levels left

rFire   . . .        N - +3 scimitar (flame)
rCold   . . .        (no shield)
rNeg    . . .        l - +0 robe {Will+}
rPois   .            Z - +1 helmet
rElec   .            O - +1 cloak {Will+}
rCorr   .            (no gloves)
SInv    .            (no boots)
Will    +++..        (no amulet)
Stlth   ++           I - ring of magical power
HPRegen 0.29/turn    X - +4 ring of protection
MPRegen 0.24/turn

%: no passive effects
@: very slow
A: reduced essence
a: Renounce Religion, Recall Ancestor, Ancestor Identity, Transference


You were on level 11 of the Dungeon.
You worshipped Hepliaklqana.
Hepliaklqana was most pleased with you.
You visited 2 branches of the dungeon, and saw 12 of its levels.

You collected 854 gold pieces.
You spent 560 gold pieces at shops.

Inventory:

Hand Weapons
 N - a +3 scimitar of flaming (weapon)
Missiles
 a - 2 throwing nets
Armour
 l - a +0 robe of willpower (worn)
 O - a +1 cloak of willpower (worn)
 Z - a +1 helmet (worn)
Magical Staves
 U - a staff of alchemy
 Y - a staff of earth
Jewellery
 e - a ring of magical power
 m - a +6 ring of intelligence
 n - a ring of fire
 I - a ring of magical power (left hand)
 L - a +6 ring of strength
 M - a ring of ice
 S - an amulet of reflection
 W - a ring of ice
 X - a +4 ring of protection (right hand)
Talismans
 q - a blade talisman
 t - a maw talisman
 C - a maw talisman
 H - a serpent talisman
Wands
 w - a wand of quicksilver (19)
 B - a wand of paralysis (10)
 D - a wand of digging (4)
 E - a wand of mindburst (7)
 P - a wand of flame (36)
Scrolls
 d - 2 scrolls of enchant weapon {unknown}
 i - 7 scrolls of teleportation
 k - 2 scrolls of noise {unknown}
 o - 2 scrolls of enchant armour {unknown}
 r - a scroll of fear
 y - 2 scrolls of amnesia {unknown}
 z - 2 scrolls of silence
 A - a scroll of summoning {unknown}
 F - 2 scrolls of torment {unknown}
 J - 2 scrolls of blinking
 Q - a scroll of brand weapon {unknown}
 R - 2 scrolls of revelation {unknown}
 V - a scroll of poison {unknown}
Potions
 b - 3 potions of magic
 c - 4 potions of berserk rage
 f - 4 potions of haste
 g - 2 potions of enlightenment
 h - 6 potions of curing
 j - 4 potions of resistance
 p - a potion of brilliance {unknown}
 s - 2 potions of might
 u - a potion of invisibility
 v - a potion of mutation
 x - 2 potions of lignification
 G - a potion of ambrosia
 K - a potion of attraction
 T - 2 potions of heal wounds


   Skills:
 - Level 5.0 Fighting
 - Level 10.0 Dodging
 - Level 5.0 Stealth
 + Level 9.8 Spellcasting
 - Level 9.0 Conjurations
 * Level 10.7 Fire Magic


You had 12 spell levels left.
You knew the following spells:

 Your Spells              Type           Power      Damage    Failure   Level
a - Foxfire               Conj/Fire      100%       2x1d9     1%          1
b - Scorch                Fire           100%       2d9       1%          2
c - Inner Flame           Hex/Fire       36%        N/A       1%          3
d - Volatile Blastmotes   Fire/Tloc      72%        2d16      1%          3
e - Flame Wave            Conj/Fire      54%        2d13      1%          4
f - Sticky Flame          Fire/Alch      36%        2d8       6%          4

Your spell library contained the following spells:

 Spells                   Type           Power      Damage    Failure   Level
 Kiss of Death            Conj/Necr      100%       2d13      1%          1
 Iskenderun's Mystic Bla  Conj/Tloc      31%        2d8       9%          4
 Call Canine Familiar     Summ           11%        N/A       17%         3
 Confusing Touch          Hex            11%        N/A       17%         3
 Sigil of Binding         Hex            11%        N/A       17%         3
 Tukima's Dance           Hex            11%        N/A       17%         3
 Dimensional Bullseye     Hex/Tloc       5%         N/A       50%         4
 Dispel Undead            Necr           11%        3d9       50%         4
 Manifold Assault         Tloc           11%        N/A       50%         4
 Dispersal                Tloc           5%         N/A       100%        6
 Disjunction              Tloc           5%         N/A       100%        8


Dungeon Overview and Level Annotations

Branches:
Dungeon (11/15)            Temple (1/1) D:7            Lair (0/5) D:10
    Orc (0/2) D:10

Altars:
Ashenzari
Cheibriados
Dithmenos
Elyvilon
Fedhas
Gozag
Hepliaklqana
Kikubaaqudgha
Makhleb
Nemelex Xobeh
Okawaru
Qazlal
Ru
Sif Muna
Trog
Uskayaw
Vehumet
Wu Jian
Xom
Yredelemnul
Zin
The Shining One

Shops:
D:7 (   D:8 *   D:10 :

Annotations:
D:3 Pargi, Sigmund


Message History

A wave of flame ripples out!
The flame wave engulfs the polar bear.
The polar bear is heavily wounded. (Press . to intensify the flame waves.)
The polar bear is engulfed in a cloud of scalding steam.
The polar bear bites you! The polar bear closely misses you.
The polar bear barely misses you.
Unknown command.
Unknown command.
A wave of flame ripples out!
The flame wave engulfs the polar bear.
The polar bear is severely wounded.
The flame wave engulfs the death yak!!
The death yak is burned terribly!
The death yak is heavily wounded.
The polar bear goes berserk!
The death yak misses you.
Unknown command.
Unknown command.
Unknown command.
Unknown command.
A wave of flame ripples out!
The flame wave engulfs the polar bear!
The polar bear is almost dead.
The flame wave engulfs the death yak!!
The death yak is burned terribly!
The death yak is almost dead.
Djefatnebti avoids your attack.
You finish channelling waves of flame.
You are engulfed in a cloud of scalding steam.
The polar bear is engulfed in a cloud of scalding steam.
The polar bear barely misses you. The polar bear closely misses you.
The polar bear barely misses you. The death yak gores you!!
* * * LOW HITPOINT WARNING * * *
The polar bear is engulfed in a cloud of scalding steam.
The polar bear bites you.
* * * LOW HITPOINT WARNING * * *
The polar bear completely misses you. The polar bear barely misses you.
Djefatnebti hits the death yak with a +0 flail.
Unknown command.
Unknown command.
You are engulfed in a cloud of scalding steam.
* * * LOW HITPOINT WARNING * * *
The death yak is no longer more vulnerable to fire.
The polar bear is engulfed in a cloud of scalding steam.
The polar bear bites you!
You die...

..............#
#.~~≈##
.............####~~≈~#
.....#.##........~)~.#
....##.##..#.####~~~.#
...###.......# ##~~≈.#
..## ####.#### #~~).~#
'## #.# #§§§~.# .# #.#
##§§§§.# .# #.#
#§@§§..# <## #.
#§hY§..# ..#######.
##§R§...# ..........
#~~§....# ..#######.
#~~~~...# .##
#~~R~..8# .# #~~~....#
.# ...~~~...)# .#
#..~~~...}#


You could see the friendly Djefatnebti the knight, a death yak (ally target) and
a polar bear (berserk).

Vanquished Creatures
  Fannar (D:10)
  Erica (D:8)
  A two-headed ogre (D:10)
  A bog body (D:11)
  Maurice (D:8)
  2 ice devils (D:11)
  A kobold demonologist (D:10)
  Prince Ribbit (D:7)
  3 shadows
  A wyvern (D:7)
  7 yaks
  4 vampire mosquitoes (D:9)
  An acid dragon (D:9)
  A water moccasin (D:9)
  2 orc warriors
  4 ice beasts
  A black bear (D:6)
  4 ogres
  A phantom (D:5)
  2 centaurs
  A bullfrog (D:7)
  A kobold brigand (D:7)
  A scorpion (D:5)
  A two-headed ogre simulacrum (D:11)
  A gnoll sergeant (D:8)
  2 cane toad simulacra (D:11)
  2 wights (D:8)
  6 killer bees (D:9)
  An elephant simulacrum (D:11)
  4 howler monkeys
  4 orc priests
  3 bombardier beetles
  A gnoll bouda (D:6)
  3 jellies
  2 hounds
  8 iguanas
  Terence (D:3)
  Natasha (D:4)
  5 orc wizards
  10 gnolls
  4 adders
  A shadow imp (D:7)
  3 white imps
  2 ufetubi (D:7)
  15 dart slugs
  4 ribbon worms (D:2)
  28 orcs
  4 endoplasms
  A giant cockroach (D:4)
  6 goblins
  4 hobgoblins
  4 jackals (D:1)
  4 quokkas
  7 ball pythons
  5 bats
  4 frilled lizards
  7 kobolds
  5 rats
206 creatures vanquished.

Vanquished Creatures (collateral kills)
  2 yaks
  A bullfrog (D:9)
  A wight (D:8)
  An elephant simulacrum (D:11)
  A howler monkey (D:10)
  A white imp (D:11)
  2 orcs
9 creatures vanquished.

Vanquished Creatures (others)
  819 foxfires
819 creatures vanquished.

Grand Total: 1034 creatures vanquished

Notes
Turn   | Place    | Note
-------+----------+-------------------------------------------
     0 | D:1      | cdecastro the Deep Elf Fire Elementalist began the quest
                  | for the Orb.
     0 | D:1      | Reached XP level 1. HP: 10/10 MP: 6/6
   261 | D:1      | Reached XP level 2. HP: 15/15 MP: 2/8
   264 | D:1      | Learned a level 2 spell: Scorch
  1135 | D:1      | Found a faded altar of an unknown god.
  1200 | D:2      | Found an iron altar of Okawaru.
  1205 | D:2      | Reached XP level 3. HP: 19/19 MP: 6/9
  1515 | D:2      | Reached skill level 5 in Fire Magic
  1746 | D:2      | Reached XP level 4. HP: 24/24 MP: 6/10
  2389 | D:3      | Found a shimmering altar of Xom.
  2694 | D:3      | Noticed Terence
  2695 | D:3      | Found a snail-covered altar of Cheibriados.
  2700 | D:3      | Killed Terence
  3009 | D:3      | Noticed Sigmund
  3010 | D:3      | Noticed Pargi
  3315 | D:3      | Reached XP level 5. HP: 28/28 MP: 1/11
  3619 | D:3      | Learned a level 3 spell: Inner Flame
  3623 | D:3      | Learned a level 3 spell: Volatile Blastmotes
  4078 | D:4      | Reached XP level 6. HP: 32/32 MP: 5/12
  4247 | D:4      | Noticed Natasha
  4250 | D:4      | Killed Natasha
  4640 | D:4      | Found a blossoming altar of Fedhas.
  4711 | D:5      | Entered Level 5 of the Dungeon
  5267 | D:5      | Reached skill level 5 in Spellcasting
  5267 | D:5      | Reached XP level 7. HP: 36/36 MP: 3/17
  5863 | D:5      | Learned a level 4 spell: Flame Wave
  6025 | D:5      | Reached XP level 8. HP: 41/41 MP: 15/23
  6366 | D:6      | Found a hazy altar of Hepliaklqana.
  6384 | D:6      | Became a worshipper of Hepliaklqana the Forgotten
  6644 | D:6      | Reached skill level 5 in Conjurations
  7351 | D:7      | Reached XP level 9. HP: 29/45 MP: 10/24
  7620 | D:7      | Noticed Prince Ribbit
  7650 | D:7      | Killed Prince Ribbit
  7787 | D:7      | Reached * piety under Hepliaklqana
  7866 | D:7      | Reached skill level 1 in Fighting
  7901 | D:7      | Found a staircase to the Ecumenical Temple.
  8008 | Temple   | Found a transporter.
  8008 | Temple   | Found a transporter.
  8008 | Temple   | Found a transporter.
  8008 | Temple   | Found a transporter.
  8008 | Temple   | Entered the Ecumenical Temple
  8317 | D:7      | Found Kousun's Antique Weapon Shoppe.
  8439 | D:8      | Found Didois's General Store.
  8444 | D:8      | Bought a scroll of blinking for 120 gold pieces
  8444 | D:8      | Bought a scroll of silence for 152 gold pieces
  8444 | D:8      | Bought a potion of berserk rage for 80 gold pieces
  8444 | D:8      | Bought a potion of attraction for 48 gold pieces
  8444 | D:8      | Bought a potion of haste for 160 gold pieces
  8466 | D:8      | Found a shadowy altar of Dithmenos.
  8522 | D:8      | Noticed Erica
  8682 | D:8      | Killed Erica
  8683 | D:8      | Reached skill level 5 in Fighting
  8825 | D:8      | Noticed Maurice
  8829 | D:8      | Killed Maurice
  8830 | D:8      | Reached skill level 5 in Dodging
  8830 | D:8      | Reached XP level 10. HP: 53/53 MP: 13/25
  9105 | D:8      | Reached ** piety under Hepliaklqana
  9106 | D:8      | Remembered your ancestor Djefatnebti as a knight
  9303 | D:8      | Found a bloodstained altar of Trog.
  9805 | D:9      | Found a sacrificial altar of Ru.
  9971 | D:9      | Reached skill level 10 in Dodging
  9973 | D:9      | Reached skill level 5 in Stealth
 10073 | D:9      | Found an iron altar of Okawaru.
 10383 | D:10     | Entered Level 10 of the Dungeon
 10411 | D:10     | Noticed a two-headed ogre
 10418 | D:10     | Killed a two-headed ogre
 10544 | D:10     | Found a staircase to the Orcish Mines.
 10700 | D:10     | Found a white marble altar of Elyvilon.
 10751 | D:10     | Found a glowing silver altar of Zin.
 10799 | D:10     | Reached *** piety under Hepliaklqana
 10890 | D:10     | Found a sparkling altar of Nemelex Xobeh.
 10899 | D:10     | Noticed Fannar
 10908 | D:10     | Killed Fannar
 10909 | D:10     | Reached XP level 11. HP: 6/56 MP: 20/26
 10916 | D:10     | Reached skill level 10 in Fire Magic
 11144 | D:10     | Found a staircase to the Lair.
 11567 | D:10     | Found Gaov's Book Emporium.
 11582 | D:10     | Learned a level 4 spell: Sticky Flame
 11799 | D:11     | Noticed a bog body
 11808 | D:11     | Killed a bog body
 12027 | D:11     | Noticed a death yak
 12094 | D:11     | Slain by a polar bear

Illustrated notes

Levels and vault maps discovered:
D:1:      eino_arrival_water_cross, layout_basic,
          shapermc_ecumenical_altar_petra
D:2:      layout_basic, basic_altar
D:3:      layout_basic, nicolae_overflow_crystal_walls,
          lemuel_coloured_pillars_altar, amcnicky_mini_corridor_feature,
          uniq_pargi, uniq_terence, uniq_sigmund
D:4:      layout_loops_ring, general_overflow_altar, uniq_natasha
D:5:      kennysheep_slugbush, layout_basic, chequers_mini_garden,
          amcnicky_mini_pool_medium
D:6:      layout_cave_pools, amcnicky_altar_gilded,
          chequers_serial_rivers_micro_c, item_on_display_a
D:7:      layout_cave_pools, minmay_temple_entry_overgrown, serial_shops,
          nicolae_shop_real_fake_doors, uniq_prince_ribbit1
D:8:      layout_basic, trog_book, nicolae_dithmenos_shadow_blocks,
          serial_shops, nicolae_shop_just_a_little_nook, uniq_erica,
          uniq_maurice
D:9:      layout_basic, okawaru_trees_1, nicolae_ru_path_of_blood
D:10:     nicolae_cairo_tiling, layout_loops_corners,
          mainiacjoe_overflow_six_doors_small,
          nemelex_xobeh_ov_fountains_minmay, marbit_many_paths, orc_0_dummy,
          serial_shops, nicolae_lakefront_shop, palyth_stone_intersect,
          uniq_fannar
D:11:     dreamdust_isle_of_ice, layout_loops_corners, trog_ov_bears_minmay
Temple:   hellmonk_temple_divided_pantheon

Skill      XL: |  1  2  3  4  5  6  7  8  9 10 11 |
---------------+----------------------------------+-----
Fire Magic     | 4 5 6 7 8 9 10 | 10.7
Spellcasting   | 5 9 |  9.8
Conjurations   | 7 9 |  9.0
Fighting       | 5 |  5.0
Dodging        | 5 10 | 10.0
Stealth        | 5 |  5.0

Action                     |  1- 3 |  4- 6 |  7- 9 | 10-12 || total
---------------------------+-------+-------+-------+-------++-------
  Melee: Short sword       |       |     3 |       |       ||     3
   Cast: Foxfire           |    72 |   120 |   184 |   103 ||   479
         Scorch            |     6 |    20 |    44 |    37 ||   107
         Flame Wave        |       |       |     1 |     9 ||    10
         Inner Flame       |       |       |       |     4 ||     4
 Invoke: Recall Ancestor   |       |       |     1 |     4 ||     5
         Ancestor Life: Kn |       |       |       |     1 ||     1
    Use: Scroll            |       |       |       |    11 ||    11
 Armour: Robe              |     6 |     9 |    17 |    27 ||    59
  Dodge: Dodged            |    12 |    12 |    12 |    24 ||    60
